 Dungeon Crawl Stone Soup version 0.21-a0-621-gc60411f (webtiles) character file.

242 Donwell the Chopper (level 5, -2/47 HPs)
             Began as a Minotaur Berserker on Dec 24, 2017.
             Was a Believer of Trog.
             Slain by Sigmund
             ... wielding a +1 scythe of venom
              (7 damage)
             ... on level 3 of the Dungeon.
             The game lasted 00:04:46 (2076 turns).

Donwell the Chopper (Minotaur Berserker)            Turns: 2076, Time: 00:04:47

Health: -2/47      AC: 13    Str: 27    XL:     5   Next: 81%
Magic:  13/13      EV: 10    Int:  4    God:    Trog [**....]
Gold:   163        SH:  0    Dex:  9    Spells: 4/4 levels left

rFire    . . .     SeeInvis .   w - +0 war axe
rCold    . . .     Gourm    .   (no shield)
rNeg     . . .     Faith    .   m - +0 chain mail (curse)
rPois    .         Spirit   .   (helmet restricted)
rElec    .         Reflect  .   s - +0 cloak
rCorr    .         Harm     .   r - +1 pair of gloves
MR       .....                  u - +0 pair of boots
Stlth    ..........             (no amulet)
HPRegen  0.15/turn              o - +4 ring of strength
MPRegen  0.13/turn              q - ring of magical power

@: lethally poisoned (-2 -> -34)
A: retaliatory headbutt, horns 2
a: Berserk, Trog's Hand, Burn Spellbooks, Renounce Religion


You were on level 3 of the Dungeon.
You worshipped Trog.
Trog was pleased with you.
You were not hungry.

You visited 1 branch of the dungeon, and saw 3 of its levels.

You collected 163 gold pieces.

Inventory:

Hand Weapons
 w - a +0 war axe (weapon)
Armour
 m - a cursed +0 chain mail (worn)
 r - a +1 pair of gloves (worn)
 s - a +0 cloak (worn)
 u - a +0 pair of boots (worn)
Jewellery
 o - a +4 ring of strength (left hand)
 q - a ring of magical power (right hand)
Wands
 k - a wand of random effects (21)
Scrolls
 b - 3 scrolls of fog {unknown}
 e - a scroll of immolation {unknown}
 g - 3 scrolls of enchant weapon {unknown}
 h - a scroll of fear {unknown}
 i - 7 scrolls of identify {unknown}
 j - 4 scrolls of teleportation {unknown}
 n - 4 scrolls of remove curse {unknown}
 p - a scroll of blinking {unknown}
 t - a scroll of magic mapping {unknown}
Potions
 d - a potion of agility {unknown}
 f - a potion of degeneration {unknown}
 l - a potion of curing {unknown}
Comestibles
 c - 2 rations
 v - 2 chunks of flesh


   Skills:
 + Level 4.8 Fighting
 * Level 5.6 Axes
 + Level 3.9 Armour
 + Level 3.6 Dodging


You had 4 spell levels left.
You didn't know any spells.

Dungeon Overview and Level Annotations

Branches:
Dungeon (3/15)

Altars:
Uskayaw
Wu Jian

Annotations:
D:3 Sigmund


Innate Abilities, Weirdness & Mutations

You reflexively headbutt those who attack you in melee.
You have a pair of horns on your head.


Message History

A magic dart appears from out of thin air!
The magic dart hits you! Something hits you.
You are more poisoned.
You hit something. Your headbutt misses something.
You feel very sick.
You slash something! Your headbutt misses something.
* * * LOW HITPOINT WARNING * * *
You feel very sick. Something hits you but does no damage.
You are more poisoned.
Your chain mail prevents you from hitting something.
Your headbutt misses something.
* * * LOW HITPOINT WARNING * * *
You feel very sick. Something hits you but does no damage.
You closely miss something. You headbutt something.
* * * LOW HITPOINT WARNING * * *
You feel very sick. Something hits you!
You die...

#.#.#####.####
#.#.......#
#.#########
#.........#
#########.#
##############.#
...#..........#
#.#.##########
#$@{# #.......#
#########


There were no monsters in sight!

Vanquished Creatures
  The ghost of oldriver the Gusty, an amateur DrAE (D:3)
  Crazy Yiuf (D:2)
  2 adders (D:3)
  An ooze (D:1)
  2 dart slugs
  4 leopard geckos
  A ball python (D:3)
  7 bats
  3 giant cockroaches
  7 hobgoblins
  3 jackals (D:3)
  9 kobolds
  A quokka (D:2)
  8 frilled lizards
  5 goblins
  4 rats
59 creatures vanquished.

Notes
Turn   | Place    | Note
-------+----------+-------------------------------------------
     0 | D:1      | Donwell the Minotaur Berserker began the quest for the Orb.
     0 | D:1      | Reached XP level 1. HP: 19/19 MP: 0/0
    59 | D:1      | Reached XP level 2. HP: 27/27 MP: 1/1
   157 | D:1      | Reached skill level 4 in Axes
   533 | D:1      | Reached XP level 3. HP: 21/33 MP: 2/2
  1083 | D:2      | Reached ** piety under Trog
  1174 | D:2      | Found an ornate altar of the Wu Jian Council.
  1180 | D:2      | Found a hide-covered altar of Uskayaw.
  1459 | D:2      | Found a runed door.
  1493 | D:2      | Noticed Crazy Yiuf
  1496 | D:2      | Killed Crazy Yiuf
  1496 | D:2      | Reached XP level 4. HP: 40/40 MP: 3/3
  1550 | D:3      | Noticed oldriver's ghost (amateur DrAE)
  1563 | D:3      | Killed oldriver's ghost
  1563 | D:3      | Reached skill level 5 in Axes
  1563 | D:3      | Reached XP level 5. HP: 31/47 MP: 4/4
  1797 | D:3      | Found a faded altar of an unknown god.
  2062 | D:3      | Noticed Sigmund
  2076 | D:3      | Slain by Sigmund

Vault maps used:
D:1:      dpeg_arrival_tiny_j
D:2:      kb_forest_paths, gammafunk_temple_overflow_statue,
          uniq_crazy_yiuf_cottage
D:3:      chequers_ecumenical_altar_twisty, uniq_sigmund

Skill      XL: |  1  2  3  4 |
---------------+-------------+-----
Axes           | 4 5 |  5.6
Fighting       | 4 |  4.8
Armour         | 3 |  3.9
Dodging        | 3 |  3.6

Action                   |  1- 3 |  4- 6 || total
-------------------------+-------+-------++-------
Melee: Hand axe          |    90 |    33 ||   123
       Headbutt          |    11 |    11 ||    22
       War axe           |       |    16 ||    16
Invok: Berserk           |     1 |     1 ||     2
  Eat: Chunk             |     2 |     4 ||     6
Armor: Animal skin       |     6 |       ||     6
       Chain mail        |    19 |    33 ||    52
Dodge: Dodged            |    47 |    23 ||    70

Table legend:
 A = Spawn XP
 B = Non-spawn XP
 C = Spawn XP percentage of total XP
 D = Spawn monster count
 E = Non-spawn monster count
 F = Spawn count percentage of total count
 G = Total turns spent on level
                    A         B        C        D         E        F      G
               +---------+---------+-------+---------+---------+-------+---------
         Total |       0 |     346 |   0.0 |       0 |      59 |   0.0 |  2076
               +---------+---------+-------+---------+---------+-------+---------
           D:1 |       0 |      42 |   0.0 |       0 |      20 |   0.0 |   771
           D:2 |       0 |      71 |   0.0 |       0 |      21 |   0.0 |   765
           D:3 |       0 |     233 |   0.0 |       0 |      18 |   0.0 |   540
               +---------+---------+-------+---------+---------+-------+---------
